 Dungeon Crawl Stone Soup version 0.18-a0-1160-geb89fc2 (webtiles) character file.

268 poirepourri the Skirmisher (level 6, -2/72 HPs)
             Began as a Demonspawn Berserker on Jan 24, 2016.
             Was a Priest of Trog.
             Slain by kae's ghost (10 damage)
             ... on level 4 of the Dungeon.
             The game lasted 00:03:53 (2569 turns).

poirepourri the Skirmisher (Demonspawn Berserker)   Turns: 2569, Time: 00:03:53

Health: -2/72      AC:  5    Str: 24    XL:     6   Next: 0%
Magic:  0/6        EV: 13    Int:  9    God:    Trog [***...]
Gold:   160        SH:  0    Dex: 12    Spells: 0 memorised, 5 levels left

rFire  . . .     SeeInvis .     a - +0 hand axe
rCold  + . .     Gourm    .     e - +0 leather armour
rNeg   . . .     Faith    .     (no shield)
rPois  .         Spirit   +     (no helmet)
rElec  .         Dismiss  .     (no cloak)
rCorr  .         Reflect  .     (no gloves)
SustAt .         Harm     .     (no boots)
MR     .....                    (no amulet)
Stlth  ..........               o - +4 ring of slaying
                                p - ring of protection from cold

@: berserking, very quick, not resistant to hostile enchantments, extremely
unstealthy
A: slimy green scales 1, powered by death 2, magic shield
a: Berserk, Trog's Hand, Burn Spellbooks, Renounce Religion


You were on level 4 of the Dungeon.
You worshipped Trog.
Trog was most pleased with you.
You were very full.

You visited 1 branch of the dungeon, and saw 4 of its levels.

You collected 160 gold pieces.

Inventory:

Hand Weapons
 a - a +0 hand axe (weapon)
Armour
 b - a +0 animal skin
 e - a +0 leather armour (worn)
Jewellery
 o - a +4 ring of slaying (right hand)
 p - a ring of protection from cold (left hand)
Scrolls
 d - a scroll of fog {unknown}
 j - 3 scrolls of remove curse
 q - a scroll of magic mapping {unknown}
 s - 2 scrolls of recharging {unknown}
Potions
 f - a potion of cure mutation
 h - a potion of heal wounds
 l - 2 potions of flight
 m - 2 potions of haste
 n - a potion of invisibility {unknown}
 t - a potion of lignification {unknown}
Comestibles
 c - 8 bread rations
 g - a beef jerky
 k - 3 fruits


   Skills:
 + Level 4.2 Fighting
 + Level 4.1 Axes
 + Level 2.3 Armour
 + Level 3.4 Dodging
 + Level 0.6 Stealth


You had 5 spell levels left.
You didn't know any spells.

Dungeon Overview and Level Annotations

Branches:
Dungeon (4/15)
 Temple: D:4-7

Altars:
Elyvilon
Fedhas
Kikubaaqudgha
Nemelex Xobeh
Okawaru
Pakellas
Trog

Annotations:
D:4 kae's ghost, amateur MiFi


Innate Abilities, Weirdness & Mutations

You are partially covered in slimy green scales (AC +2).
You regenerate health from kills.
When hurt, damage is shared between your health and your magic reserves.


Message History

You barely miss kae's ghost.
Kae's ghost is moderately damaged.
You barely miss kae's ghost.
Kae's ghost is moderately damaged.
Kae's ghost hits you.
* * * LOW HITPOINT WARNING * * *
You slash kae's ghost!
Kae's ghost is severely damaged.
Kae's ghost hits you.
* * * LOW HITPOINT WARNING * * *
You hit kae's ghost.
Kae's ghost is severely damaged.
You closely miss kae's ghost.
Kae's ghost is severely damaged.
Kae's ghost hits you!
* * * LOW HITPOINT WARNING * * *
You slash kae's ghost!
Kae's ghost is almost destroyed.
Kae's ghost hits you!
You die...

## ####.#
......#
.#.....##
[.....?.######
.......oW@)<.#
[.......###.#.#
.#....... .##
.. ..#....###.
..W ...#.#. #.
### %...... #.
....... .. ..
## #.


You could see kae's ghost and an orc.

Vanquished Creatures
  An iguana (D:3)
  4 orc wizards
  5 adders
  An ooze (D:3)
  2 worms
  3 giant geckos
  14 orcs
  3 giant cockroaches
  6 goblins
  7 hobgoblins
  4 jackals (D:3)
  7 kobolds
  A quokka (D:3)
  A ball python (D:2)
  6 bats
  3 giant newts
  A quokka skeleton (D:4)
  8 rats
77 creatures vanquished.

Notes
Turn   | Place    | Note
--------------------------------------------------------------
     0 | D:1      | poirepourri the Demonspawn Berserker began the quest for the Orb.
     0 | D:1      | Reached XP level 1. HP: 18/18 MP: 1/1
   200 | D:1      | Gained mutation: You are partially covered in slimy green scales (AC +2). [demonic ancestry]
   200 | D:1      | Reached XP level 2. HP: 5/24 MP: 2/2
   674 | D:1      | You fall through a shaft!
  1100 | D:2      | Gained mutation: You regenerate a little health from kills. [demonic ancestry]
  1100 | D:2      | Reached XP level 3. HP: 19/29 MP: 3/3
  1216 | D:2      | Found an iron altar of Okawaru.
  1694 | D:2      | Reached ** piety under Trog
  1807 | D:3      | Reached XP level 4. HP: 37/37 MP: 4/4
  1871 | D:3      | Reached skill level 4 in Fighting
  1883 | D:3      | Gained mutation: When hurt, damage is shared between your health and your magic reserves. [demonic ancestry]
  1883 | D:3      | Reached XP level 5. HP: 42/42 MP: 5/5
  2216 | D:3      | Found a blossoming altar of Fedhas.
  2353 | D:3      | Found a bloodstained altar of Trog.
  2353 | D:3      | Found an ancient bone altar of Kikubaaqudgha.
  2353 | D:3      | Found a sparkling altar of Nemelex Xobeh.
  2353 | D:3      | Found a white marble altar of Elyvilon.
  2366 | D:3      | Reached *** piety under Trog
  2381 | D:3      | Found a blossoming altar of Fedhas.
  2381 | D:3      | Found an oddly glowing altar of Pakellas.
  2509 | D:4      | Noticed kae's ghost (amateur MiFi)
  2527 | D:4      | Gained mutation: You regenerate health from kills. [demonic ancestry]
  2527 | D:4      | Reached XP level 6. HP: 38/48 MP: 3/6
  2569 | D:4      | Slain by kae's ghost

Vault maps used:
D:1:      dpeg_arrival_three_same_balls
D:2:      okawaru_gym_becter
D:3:      minmay_overflow_temple_hex, first_bread, fedhas_altar_2
D:4:      serial_shops, shop, shop, portal_sewer_entry_f, uniq_robin,
          uniq_duvessa

Action                   |  1- 3 |  4- 6 || total
-------------------------+-------+-------++-------
Melee: Hand axe          |    63 |   124 ||   187
Invok: Berserk           |     2 |     2 ||     4
       Trog's Hand       |       |     1 ||     1
  Use: Scroll            |     6 |     1 ||     7
       Potion            |     1 |     2 ||     3
 Stab: Sleeping          |     1 |       ||     1
  Eat: Chunk             |     1 |       ||     1
       Bread ration      |     1 |       ||     1
       Beef jerky        |       |     1 ||     1
       Meat ration       |       |     2 ||     2
